 Dungeon Crawl Stone Soup version 0.19-a0-854-gc78d25d (webtiles) character file.

378 Implojin the Cleaver (level 6, -4/51 HPs)
             Began as a Minotaur Abyssal Knight on July 1, 2016.
             Was a Follower of Lugonu.
             Slain by a centaur (7 damage)
             ... on level 6 of the Dungeon.
             The game lasted 00:03:47 (1200 turns).

Implojin the Cleaver (Minotaur Abyssal Knight)      Turns: 1200, Time: 00:03:48

Health: -4/51      AC:  5    Str: 17    XL:     6   Next: 45%
Magic:  6/6        EV: 10    Int:  9    God:    Lugonu [*.....]
Gold:   64         SH:  0    Dex: 11    Spells: 0 memorised, 5 levels left

rFire  . . .     SeeInvis +     a - +1 hand axe
rCold  . . .     Gourm    .     d - +0 ring mail
rNeg   . . .     Faith    .     (no shield)
rPois  .         Spirit   .     (helmet restricted)
rElec  .         Dismiss  .     (no cloak)
rCorr  .         Reflect  .     (no gloves)
SustAt .         Harm     .     (no boots)
MR     .....                    h - amulet of magic regeneration
Stlth  +.........               i - ring of see invisible
                                (no ring)

@: not resistant to hostile enchantments, very unstealthy
A: retaliatory headbutt, horns 2
a: Depart the Abyss, Renounce Religion


You were on level 6 of the Dungeon.
You worshipped Lugonu.
Lugonu was aware of your devotion.
You were very hungry.

You visited 1 branch of the dungeon, and saw 6 of its levels.
You visited the Abyss 1 time.

You collected 64 gold pieces.

Inventory:

Hand Weapons
 a - a +1 hand axe (weapon)
Armour
 b - a +0 leather armour
 d - a +0 ring mail (worn)
Jewellery
 g - an uncursed ring of ice
 h - an amulet of magic regeneration (around neck)
 i - a ring of see invisible (right hand)
Scrolls
 e - a scroll of fear {unknown}
 j - a scroll of remove curse {unknown}
Comestibles
 c - 3 bread rations
 f - a meat ration


   Skills:
 - Level 3.6 Fighting
 * Level 8.4 Axes
 - Level 2.4 Armour
 - Level 1.1 Dodging
 - Level 1.7 Invocations


You had 5 spell levels left.
You didn't know any spells.

Dungeon Overview and Level Annotations

Branches:
Dungeon (6/15)
 Temple: D:4-7

Altars:
Dithmenos


Innate Abilities, Weirdness & Mutations

You reflexively headbutt those who attack you in melee.
You have a pair of horns on your head.


Message History

The giant frog is severely wounded.
The giant frog hits you!
* * * LOW HITPOINT WARNING * * *
Unknown command.
You closely miss the giant frog.
The giant frog is severely wounded.
The giant frog hits you but does no damage. x2
A centaur comes into view.
You barely miss the giant frog.
The centaur shouts!
Your headbutt misses the giant frog.
The giant frog is severely wounded.
The centaur moves out of view.
The giant frog hits you.
* * * LOW HITPOINT WARNING * * *
The giant frog barely misses you.
You are feeling very hungry.
The centaur wields a shortbow.
The centaur shoots an arrow.
The arrow closely misses you.
Unknown command.
There is a stone staircase leading up, spattered with blood here.
You miss the giant frog. You headbutt the giant frog.
You kill the giant frog!
Lugonu accepts your kill.
Your Axes skill increases to level 8!
The centaur unwields an uncursed shortbow.
The centaur barely misses you. The centaur hits you.
* * * LOW HITPOINT WARNING * * *
There is a stone staircase leading up, spattered with blood here.
Unknown command.
You hit the centaur.
The centaur is lightly wounded.
The centaur closely misses you.
You hit the centaur but do no damage.
The centaur is lightly wounded.
The centaur hits you.
* * * LOW HITPOINT WARNING * * *
You completely miss the centaur. Your headbutt misses the centaur.
The centaur is lightly wounded.
The centaur hits you!
You die...

#.# ... #.# . #.# ..
#.###+###c..
#.#.........
#.#......#
#####+###.#......#
#........@#......#
#.........c.##......
#.......#+### #....
###.......... ...
#.'.......... .
#.#...........
#.#.##....###.
#<#.####..# ###..
..#


You could see a centaur.

Vanquished Creatures
  Menkaure (D:5)
  A giant frog (D:6)
  A crimson imp (D:5)
  An orc priest (D:3)
  A hound (D:5)
  An orc wizard (D:3)
  A worker ant (D:4)
  Robin (D:2)
  An adder (D:2)
  A dart slug (D:4)
  A giant gecko (D:6)
  7 orcs (D:3)
  5 goblins
  4 hobgoblins
  2 ball pythons
  A giant newt (D:5)
  A kobold (D:2)
  3 rats (D:3)
34 creatures vanquished.

Notes
Turn   | Place    | Note
-------+----------+-------------------------------------------
     0 | Abyss:1  | Implojin the Minotaur Abyssal Knight began the quest for the Orb.
     0 | Abyss:1  | Reached XP level 1. HP: 19/19 MP: 1/1
     0 | D:1      | Escaped the Abyss
    89 | D:2      | Reached skill level 3 in Axes
    89 | D:2      | Reached XP level 2. HP: 25/26 MP: 2/2
    92 | D:2      | Noticed Robin
   100 | D:2      | Reached * piety under Lugonu
   116 | D:2      | Killed Robin
   116 | D:2      | Reached skill level 4 in Axes
   116 | D:2      | Reached XP level 3. HP: 10/31 MP: 3/3
   146 | D:3      | HP: 1/31 [orc/trident (7)]
   531 | D:3      | Reached skill level 5 in Axes
   531 | D:3      | Reached XP level 4. HP: 12/39 MP: 4/4
   554 | D:4      | Found a shadowy altar of Dithmenos.
   706 | D:4      | Reached skill level 6 in Axes
   712 | D:4      | Noticed a phantom
  1027 | D:5      | Entered Level 5 of the Dungeon
  1027 | D:5      | Noticed an ice beast
  1070 | D:5      | Noticed Menkaure
  1088 | D:5      | Killed Menkaure
  1088 | D:5      | Reached skill level 7 in Axes
  1088 | D:5      | Reached XP level 5. HP: 7/45 MP: 5/5
  1111 | D:5      | Reached XP level 6. HP: 9/51 MP: 6/6
  1193 | D:6      | Reached skill level 8 in Axes
  1199 | D:6      | HP: 2/51 [centaur (6)]
  1200 | D:6      | Slain by a centaur

Vault maps used:
D:1:      lightli_arrival_quake
D:2:      uniq_robin
D:3:      first_bread, uniq_iyjb
D:4:      nicolae_overflow_crystal_walls, grunt_dithmenos_smoke
D:5:      lemuel_coloured_pillars_altar, kennysheep_little_box,
          grunt_temple_overflow_open, kennysheep_doodads, uniq_menkaure,
          uniq_grinder, uniq_blork_the_orc
D:6:      kennysheep_generic_room_4

Skill      XL: |  1  2  3  4  5  6 |
---------------+-------------------+-----
Axes           | 3 4 5 7 8 |  8.4
Fighting       | |  3.6
Armour         | |  2.4
Dodging        | |  1.1
Invocations    | |  1.7

Action                   |  1- 3 |  4- 6 || total
-------------------------+-------+-------++-------
Melee: Hand axe          |    55 |    66 ||   121
       Headbutt          |     7 |     8 ||    15
Invok: Depart the Abyss  |     1 |       ||     1
  Use: Scroll            |       |     1 ||     1
       Potion            |       |     1 ||     1
Armor: Ring mail         |    11 |    11 ||    22
Dodge: Dodged            |    22 |    27 ||    49

Table legend:
 A = Turns spent in this place as a percentage of turns spent in the entire game.
 B = Non-inter-level travel turns spent in this place as a percentage of non-inter-level travel turns spent in the entire game.
 C = Inter-level travel turns spent in this place as a percentage of turns spent in this place.
 D = Turns resting spent in this place as a percentage of non-inter-level travel turns spent in this place.
 E = Turns spent auto-exploring this place as a percentage of non-inter-level travel turns spent in this place.
 F = Non-inter-level travel turns spent in this place divided by the number of levels of this place that you've seen.
                   A       B       C       D       E      F
               +-------+-------+-------+-------+-------+----------------------
         Total | 100.0 | 100.0 |   0.0 |   1.9 |   0.0 |  84.0
       Dungeon |  99.8 |  99.8 |   0.0 |   1.9 |   0.0 |  97.8
         Abyss |   0.2 |   0.2 |   0.0 |   0.0 |   0.0 |   1.0
               +-------+-------+-------+-------+-------+----------------------

Table legend:
 A = Kills in this place as a percentage of kills in entire the game.
 B = Kills by you in this place as a percentage of kills by you in the entire game.
 C = Kills by friends in this place as a percentage of kills by friends in the entire game.
 D = Other kills in this place as a percentage of other kills in the entire game.
 E = Experience gained in this place as a percentage of experience gained in the entire game.
 F = Experience gained in this place divided by the number of levels of this place that you have seen.
                   A       B       C       D       E      F
               +-------+-------+-------+-------+-------+----------------------
         Total | 100.0 | 100.0 |  -nan |  -nan | 100.0 |  77.3
       Dungeon | 100.0 | 100.0 |  -nan |  -nan | 100.0 |  90.2
               +-------+-------+-------+-------+-------+----------------------
